 Dungeon Crawl Stone Soup version 0.29.1-1-gd02db6906a (webtiles) character file.

Game seed: 12454648085383044927

687814 sankara the Invulnerable (level 27, -1/273 HPs)
             Began as a Minotaur Fighter on Oct 19, 2022.
             Was the Champion of Okawaru.
             Killed from afar by an elemental wellspring (16 damage)
             ... with a torrent of water
             ... on level 3 of Cocytus on Oct 20, 2022.
             The game lasted 05:26:25 (60727 turns).

sankara the Invulnerable (Minotaur Fighter)        Turns: 60727, Time: 05:26:26

Health: -1/273     AC: 45    Str: 25 (29) XL:     27
Magic:  30/30      EV: 20    Int: 15      God:    Okawaru [******]
Gold:   2397       SH: 33    Dex: 19      Spells: 23/26 levels left

rFire   + + .      SeeInvis +   a - +9 broad axe of Tiqiracu {holy, Will- Str+2 Dex+6 SInv}
rCold   + + +      Faith    .   E - +8 tower shield "Gaimick" {Will+}
rNeg    + + .      Spirit   .   I - +11 gold dragon scales
rPois   +          Reflect  .   L - -2 hat of the Alchemist {rElec rPois rF+ rC+ rN+ Will+ rMut rCorr}
rElec   +          Harm     .   w - +0 cloak of Watchfulness {rF- Will+ Regen+ rCorr}
rCorr   +          Rampage  ∞   i - +0 pair of gloves {Str+3}
rMut    +                       T - +3 pair of seven-league boots {Rampage+∞}
Will    +++++                   r - amulet of regeneration
Stlth   ..........              J - ring "Teesiypt" {rF+ rC+}
HPRegen 0.00/turn               h - ring of positive energy
MPRegen 0.22/turn

@: engulfed (cannot breathe), inhibited regen, studying Invocations, unable to
drink, very slow
A: horns 2, retaliatory headbutt, clever 1, strong-willed 1, inhibited
regeneration, subdued magic 1
}: 5/15 runes: serpentine, barnacled, slimy, silver, abyssal
a: Renounce Religion, Heroism, Finesse, Duel


You were on level 3 of Cocytus.
You worshipped Okawaru.
Okawaru was exalted by your worship.
You visited 13 branches of the dungeon, and saw 55 of its levels.
You visited the Abyss 3 times.
You visited 1 bazaar.
You also visited: Bailey, Ice Cave and Wizlab.

You collected 9001 gold pieces.
You spent 6604 gold pieces at shops.

Inventory:

Hand Weapons
 a - the +9 broad axe of Tiqiracu (weapon) {holy, Will- Str+2 Dex+6 SInv}
   (Okawaru gifted it to you on level 15 of the Dungeon)

   It has been blessed by the Shining One to cause great damage to the undead
   and demons.
   Str:       It affects your strength (+2).
   Dex:       It affects your dexterity (+6).
   SInv:      It lets you see invisible.
   Will:      It decreases your willpower.
Missiles
 b - 30 boomerangs (quivered)
 e - 24 silver javelins
 F - 13 boomerangs of dispersal
 G - 11 throwing nets
 X - 10 javelins
Armour
 i - a +0 pair of gloves of strength (worn)
 w - the +0 cloak of Watchfulness (worn) {rF- Will+ Regen+ rCorr}
   (Okawaru gifted it to you on level 3 of the Lair of Beasts)

   rF:        It makes you vulnerable to fire.
   Regen:     It increases your rate of health regeneration.
   rCorr:     It protects you from acid and corrosion.
   Will:      It increases your willpower.
 E - the +8 tower shield "Gaimick" (worn) {Will+}
   (Okawaru gifted it to you on level 3 of the Elven Halls)

   Will:      It increases your willpower.
 I - +11 gold dragon scales (worn)
 L - the -2 hat of the Alchemist (worn) {rElec rPois rF+ rC+ rN+ Will+ rMut rCorr}
   (You bought it in a shop on level 2 of the Orcish Mines)

   rF:        It protects you from fire.
   rC:        It protects you from cold.
   rElec:     It insulates you from electricity.
   rPois:     It protects you from poison.
   rN:        It protects you from negative energy.
   rCorr:     It protects you from acid and corrosion.
   rMut:      It protects you from mutation.
   Will:      It increases your willpower.
 T - the +3 pair of seven-league boots (worn) {Rampage+∞}
   (Okawaru gifted it to you on level 4 of the Snake Pit)

   Its wearer moves as far as possible in that direction when moving towards
   enemies.
Jewellery
 h - a ring of positive energy (right hand)
 p - a ring of flight
 r - an amulet of regeneration (around neck)
 J - the ring "Teesiypt" (left hand) {rF+ rC+}
   (You found it on level 2 of the Depths)

   [ring of protection from fire]

   rF:        It protects you from fire.
   rC:        It protects you from cold.
Wands
 j - a wand of mindburst (10)
 o - a wand of flame (39)
 x - a wand of digging (34)
 z - a wand of polymorph (13)
 D - a wand of roots (49)
 W - a wand of light (38)
Scrolls
 d - 5 scrolls of silence
 g - 29 scrolls of teleportation
 s - 13 scrolls of poison
 u - 11 scrolls of fog
 y - 5 scrolls of blinking
 K - 6 scrolls of magic mapping
 R - 8 scrolls of fear
Potions
 c - 2 potions of invisibility
 l - 4 potions of cancellation
 n - 18 potions of curing
 q - 11 potions of lignification
 t - 5 potions of haste
 H - 4 potions of magic
 P - 9 potions of flight
 Q - 6 potions of heal wounds
 S - 6 potions of brilliance
 V - 5 potions of resistance
 Z - 12 potions of might
Miscellaneous
 f - a condenser vane (inert)
 U - a lightning rod (4/4)


   Skills:
 O Level 27 Fighting
 - Level 18.0 Axes
 - Level 16.0 Throwing
 O Level 27 Armour
 O Level 27 Dodging
 + Level 24.3 Shields
 + Level 5.7 Hexes
 + Level 5.8 Translocations
 - Level 11.0 Invocations
 - Level 9.0 Evocations


You had 23 spell levels left.
You knew the following spells:

 Your Spells              Type           Power      Damage    Failure   Level
a - Portal Projectile     Hex/Tloc       26%        N/A       52%         3

Your spell library contained the following spells:

 Spells                   Type           Power      Damage    Failure   Level
 Slow                     Hex            52%        N/A       21%         1
 Confusing Touch          Hex            13%        N/A       54%         3
 Ensorcelled Hibernation  Hex/Ice        12%        N/A       71%         2
 Dazzling Flash           Conj/Hex       12%        N/A       91%         3
 Inner Flame              Hex/Fire       6%         N/A       91%         3
 Foxfire                  Conj/Fire      0%         2x1d4     92%         1
 Freeze                   Ice            0%         1d3       92%         1
 Magic Dart               Conj           0%         1d3       92%         1
 Necrotise                Necr           0%         1d4       92%         1
 Sandblast                Erth           0%         2d4       92%         1
 Cause Fear               Hex            6%         N/A       92%         4
 Passwall                 Tmut/Erth      0%         N/A       98%         2
 Scorch                   Fire           0%         2d5       98%         2
 Searing Ray              Conj           0%         2d4       98%         2
 Static Discharge         Conj/Air       0%         3-3/arc   98%         2
 Sublimation of Blood     Necr           0%         N/A       98%         2
 Wereblood                Tmut           0%         N/A       98%         2
 Conjure Flame            Conj/Fire      0%         6-21      100%        3
 Frozen Ramparts          Ice            0%         1d1       100%        3
 Ignite Poison            Fire/Tmut/Pois 0%         N/A       100%        3
 Mephitic Cloud           Conj/Pois/Air  0%         N/A       100%        3
 Spider Form              Tmut/Pois      0%         N/A       100%        3
 Stone Arrow              Conj/Erth      0%         3d7       100%        3
 Swiftness                Air            0%         N/A       100%        3
 Vampiric Draining        Necr           0%         2d6       100%        3
 Anguish                  Hex/Necr       3%         N/A       100%        4
 Corpse Rot               Necr/Pois/Air  0%         N/A       100%        4
 Flame Wave               Conj/Fire      0%         2d4       100%        4
 Fulminant Prism          Conj/Hex       3%         3d6       100%        4
 Hailstorm                Conj/Ice       0%         3d3       100%        4
 Ice Form                 Ice/Tmut       0%         N/A       100%        4
 Leda's Liquefaction      Hex/Erth       3%         N/A       100%        4
 Petrify                  Tmut/Erth      0%         N/A       100%        4
 Sticky Flame             Conj/Fire      0%         2d3       100%        4
 Agony                    Necr           0%         N/A       100%        5
 Alistair's Intoxication  Tmut/Pois      0%         N/A       100%        5
 Blade Hands              Tmut           0%         N/A       100%        5
 Borgnjor's Vile Clutch   Necr/Erth      0%         N/A       100%        5
 Fireball                 Conj/Fire      0%         3d3       100%        5
 Irradiate                Conj/Tmut      0%         3d11      100%        5
 Iskenderun's Battlesphe  Conj           0%         2d6       100%        5
 Lee's Rapid Deconstruct  Erth           0%         3d5*      100%        5
 Lightning Bolt           Conj/Air       0%         1d11      100%        5
 Metabolic Englaciation   Hex/Ice        3%         N/A       100%        5
 Silence                  Hex/Air        3%         N/A       100%        5
 Yara's Violent Unravell  Hex/Tmut       3%         3d4       100%        5
 Dispersal                Tloc           6%         N/A       100%        6
 Eringya's Noxious Bog    Tmut/Pois      0%         N/A       100%        6
 Iron Shot                Conj/Erth      0%         9d1       100%        6
 Statue Form              Tmut/Erth      0%         N/A       100%        6
 Dragon Form              Tmut           0%         N/A       100%        7
 Enfeeble                 Hex            6%         N/A       100%        7
 Storm Form               Tmut/Air       0%         N/A       100%        7
 Discord                  Hex            6%         N/A       100%        8
 Disjunction              Tloc           6%         N/A       100%        8
 Maxwell's Capacitive Co  Air            0%         ∞         100%        8
 Necromutation            Tmut/Necr      0%         N/A       100%        8
 Call Canine Familiar     Summ           Unusable   N/A       N/A         3
 Animate Dead             Necr           Unusable   N/A       N/A         4
 Summon Ice Beast         Ice/Summ       Unusable   N/A       N/A         4
 Summon Lightning Spire   Summ/Air       Unusable   N/A       N/A         4
 Summon Forest            Summ/Tloc      Unusable   N/A       N/A         5
 Death Channel            Necr           Unusable   N/A       N/A         6
 Summon Cactus Giant      Summ           Unusable   N/A       N/A         6
 Haunt                    Necr/Summ      Unusable   N/A       N/A         7
 Spellforged Servitor     Conj/Summ      Unusable   N/A       N/A         7
 Summon Hydra             Summ           Unusable   N/A       N/A         7

Dungeon Overview and Level Annotations

Branches:
Dungeon (15/15)            Temple (1/1) D:7            Lair (5/5) D:9
 Shoals (4/4) Lair:3        Snake (4/4) Lair:3        Slime (5/5) Lair:5
    Orc (2/2) D:11            Elf (3/3) Orc:2        Vaults (5/5) D:13
  Crypt (3/3) Vaults:2       Tomb (0/3) Crypt:3      Depths (4/4) D:15
   Hell (visited)             Dis (0/7) Hell            Geh (0/7) Hell
    Coc (3/7) Hell            Tar (0/7) Hell            Zot (0/5) Depths:4
 Bailey (visited)           IceCv (visited)          WizLab (visited)

Altars:
Dithmenos
Elyvilon
Fedhas
Gozag
Kikubaaqudgha
Makhleb
Okawaru
Sif Muna
Trog
Uskayaw
Vehumet
Wu Jian
Yredelemnul
Zin
The Shining One

Shops:
D:4 [   Orc:1 [   Orc:2 [[![   Elf:1 ?*   Elf:2 [   Shoals:2 *   Snake:2 ![*?*
Snake:3 *   Vaults:1 =*:

Portals:
Hell: Depths:1 Depths:2 Depths:3 Depths:4
Abyss: Depths:3
Pandemonium: Depths:2 Depths:3
Ziggurat: Depths:4

Annotations:
D:5 1 runed translucent door, Asparus's ghost, amateur DsCj
Orc:2 3 runed translucent doors, p0werm0de's ghost, journeyman PaIE; zurenarrh's ghost, journeyman DjIE


Innate Abilities, Weirdness & Mutations

You have a pair of horns on your head.
You reflexively headbutt those who attack you in melee.
Your mind is acute. (Int +4, Str/Dex -1)
You are strong-willed. (Will+)
You do not regenerate when monsters are visible.
Your spells are a little easier to cast, but a little less powerful.


Message History

You headbutt the water elemental!
You block the water elemental's attack. x2
You slip free of the water engulfing you.
The water elemental attacks as you move away!
The water elemental barely misses you.
You gasp with relief as air once again reaches your lungs.
A torrent of water rises up through the elemental wellspring!
You block the torrent of water.
The wave splashes down.
The Ice Fiend gestures at you.
The bolt of cold hits the water elemental!!!
The water elemental is destroyed!
The water elemental disappears in a puff of smoke!
The bolt of cold hits you. You resist.
* * * LOW HITPOINT WARNING * * *
A hellion comes into view.
You block the water elemental's attack.
A torrent of water rises up through the elemental wellspring!
You block the torrent of water.
The wave splashes down.
A torrent of water rises up through the elemental wellspring!
The torrent of water passes through the water elemental.
You block the torrent of water.
The wave splashes down.
The water elemental is engulfed in freezing vapours.
The water elemental hits you.
* * * LOW HITPOINT WARNING * * *
The water elemental hits you.
* * * LOW HITPOINT WARNING * * *
The water elemental engulfs you in water!
The water elemental hits you. You block the water elemental's attack.
Unknown command.
You cannot read scrolls while unable to breathe!
You're standing in a cloud of freezing vapour!
Clouds of poison gas condense around you!
The condenser dries out!
You are engulfed in freezing vapours.
You resist.
* * * LOW HITPOINT WARNING * * *
x2 Your lungs strain for air!
A torrent of water rises up through the elemental wellspring!
The torrent of water passes through the water elemental.
You block the torrent of water.
The wave splashes down.
A torrent of water rises up through the elemental wellspring!
The torrent of water hits you!
You die...

# ≈# ≈## #
#####≈≈####
#≈######§§≈≈≈≈≈≈≈≈
#≈≈≈≈≈§§E§≈~..≈≈≈≈
#≈≈≈≈§§1E@°°......
##≈.~§E§EEE§......
##≈.§§§§E§§......
#≈..≈≈§§§≈≈≈≈...
#≈.≈≈≈≈≈≈≈≈≈§§§.
#≈.≈≈≈≈#≈≈≈≈§9§.
#≈.≈≈≈≈≈≈≈≈≈§2§.
#≈.≈≈≈≈≈≈≈≈≈§§§.


You could see an Ice Fiend, 2 elemental wellsprings, a nargun, 5 water
elementals and a hellion.

Vanquished Creatures
  the Royal Jelly (Slime:5)
  4 dread liches
  Mara (Snake:4)
  Frederick (Depths:4)
  Bai Suzhen (Depths:2)
  Geryon (Hell)
  A golden dragon (Vaults:5)
  A profane servitor (Depths:4)
  the Enchantress (Depths:2)
  2 bone dragons
  A Brimstone Fiend (Depths:2)
  7 tentacled monstrosities
  11 liches
  2 deep elf master archers (Elf:3)
  3 deep elf blademasters
  2 quicksilver dragons
  4 titans
  2 krakens
  Polyphemus (Shoals:3)
  3 tentacled starspawn
  24 acid blobs
  3 ancient champions
  6 storm dragons (Vaults:5)
  Kirke (D:15)
  11 tengu reavers
  4 sphinxes
  Agnes (Snake:4)
  Donald (Vaults:3)
  Ilsuiw (Shoals:2)
  8 shadow dragons
  18 azure jellies
  A draconian monk (Abyss:3)
  4 iron dragons
  10 rockslimes
  6 fire giants
  4 nagarajas
  10 frost giants
  3 balrugs
  A shard shrike simulacrum (Coc:2)
  5 deep elf sorcerers
  3 draconian shifters
  Aizul (Snake:2)
  An orc warlord (Vaults:2)
  A draconian scorcher (Depths:4)
  2 curse skulls
  17 vault wardens
  Louise (Elf:2)
  A cacodemon (Abyss:4)
  5 deep elf elementalists
  2 caustic shrike zombies
  4 reapers
  11 quicksilver oozes
  5 caustic shrike skeletons
  17 ghouls
  32 very ugly things
  11 stone giants
  3 spriggan defenders (Depths:2)
  7 ironbound thunderhulks
  5 war gargoyles
  5 starflowers
  19 ironbound preservers
  Azrael (D:15)
  3 juggernaut skeletons (Depths:3)
  17 deep elf demonologists
  2 black draconians (Depths:4)
  6 elemental wellsprings
  26 vampire knights
  11 deep elf annihilators
  10 dire elephants
  An entropy weaver (Vaults:4)
  2 wendigos
  3 red draconians (Depths:4)
  A bunyip (shapeshifter) (Vaults:5)
  2 orange crystal statues
  2 pearl dragon zombies (Depths:4)
  4 iron golems
  A white draconian (Depths:4)
  7 deep elf death magi
  8 eidola
  7 ettins
  9 merfolk impalers
  A quicksilver dragon zombie (Crypt:3)
  18 yaktaur captains
  2 blizzard demons
  4 spriggan zombies
  6 deep elf high priests
  6 fire dragons
  7 merfolk javelineers
  14 jiangshi
  8 great orbs of eyes
  4 green deaths
  A mummy priest (Hell)
  A shambling mangrove (Abyss:3)
  A rakshasa (Depths:3)
  8 ice dragons
  A quicksilver dragon skeleton (Depths:3)
  A juggernaut simulacrum (Coc:1)
  5 salamander tyrants
  39 vault guards
  3 boulder beetles
  2 caustic shrike simulacra (Coc:2)
  5 spriggan air magi
  4 hydras
  3 ironbound frosthearts
  3 anacondas
  7 merfolk avatars
  3 spriggan skeletons (Depths:3)
  4 satyrs
  16 two-headed ogres
  A ghost crab (Abyss:3)
  A catoblepas (Shoals:3)
  4 ogre magi
  3 death knights
  9 naga warriors
  12 centaur warriors
  12 deep troll earth magi
  4 deep troll shamans
  2 tengu warriors
  6 merfolk aquamancers
  2 orc high priests
  A death scarab (Depths:1)
  16 hell hogs
  6 spriggan berserkers
  8 naga sharpshooters
  31 dancing weapons
  5 sun demons
  2 titan zombies (Hell)
  8 death yaks
  8 shock serpents
  10 thrashing horrors (Abyss:3)
  9 vampire magi
  20 deep elf knights
  20 hell knights
  4 soul eaters
  A shadow wraith (Crypt:3)
  A titan skeleton (Depths:3)
  8 wretched stars
  A fire crab (Abyss:3)
  9 iron trolls
  Amaemon (Lair:2)
  11 salamander mystics
  45 skeletal warriors
  A bunyip zombie (Crypt:3)
  An iron troll (shapeshifter) (Vaults:5)
  2 naga ritualists (Snake:4)
  4 storm dragon skeletons (Depths:3)
  2 spark wasp zombies
  5 glowing orange brains
  15 sea snakes
  36 starcursed masses
  An anaconda zombie (Crypt:2)
  A sixfirhy (Abyss:3)
  4 flayed ghosts
  23 phantasmal warriors
  7 orc knights
  15 ironbound convokers
  Pikel (D:9)
  A harpy (shapeshifter) (D:13)
  8 deep elf archers
  7 wizards
  18 harpies
  8 bog bodies
  70 deep trolls
  2 bunyip skeletons
  An iron dragon zombie (Crypt:2)
  4 anaconda skeletons
  A lindwurm (shapeshifter) (D:14)
  29 deep elf pyromancers
  2 lindwurms (Vaults:1)
  An orc sorcerer (Orc:2)
  51 ugly things
  36 deep elf zephyrmancers
  3 mana vipers
  15 necromancers
  3 shadow dragon skeletons
  A fire giant zombie (Hell)
  20 manticores
  3 golden dragon skeletons (Depths:3)
  A mana viper (shapeshifter) (Depths:4)
  4 oklob plants
  13 cyclopes
  2 tengu skeletons
  A stone giant zombie (Crypt:3)
  3 fauns (Shoals:2)
  2 frost giant zombies
  A shining eye (shapeshifter) (Vaults:5)
  10 elephants
  An elephant (shapeshifter) (Vaults:5)
  8 shining eyes
  3 sphinx skeletons (Depths:3)
  23 salamanders
  28 black mambas
  4 apocalypse crabs (Abyss:3)
  2 dire elephant zombies (Crypt:3)
  4 apis skeletons (Depths:4)
  A moth of wrath (shapeshifter) (Depths:1)
  17 vault sentinels
  A stone giant skeleton (Depths:1)
  3 eyes of devastation
  3 fire giant skeletons
  3 water nymphs
  A centaur zombie (Crypt:1)
  8 merfolk sirens
  11 guardian serpents
  2 torpor snails (Lair:3)
  16 naga magi
  A centaur skeleton (Crypt:2)
  6 rust devils (Hell)
  Joseph (D:8)
  5 molten gargoyles (Hell)
  2 ice statues (IceCv)
  5 cane toads
  14 smoke demons
  2 frost giant skeletons
  Maggie (D:8)
  An alligator snapping turtle zombie (Crypt:3)
  A hellion (Coc:1)
  10 rime drakes
  3 unseen horrors
  7 orange demons
  An unseen horror zombie (D:9)
  3 demonic crawlers
  A dire elephant skeleton (Crypt:1)
  6 swamp worm zombies (Crypt:2)
  5 efreet
  2 kobold demonologists
  8 komodo dragons
  52 yaktaurs
  10 ice devils
  An iron giant simulacrum (Hell)
  10 freezing wraiths
  2 tengu conjurers
  2 green draconian skeletons (Crypt:1)
  19 trolls
  5 ancient zymes
  4 anaconda simulacra
  A purple draconian skeleton (Crypt:3)
  A steelbarb worm zombie (Crypt:1)
  A golden dragon simulacrum (Coc:2)
  2 yaktaur skeletons (Vaults:2)
  A guardian mummy (Crypt:3)
  A queen bee (D:15)
  10 hornets
  A sea snake skeleton (Crypt:3)
  21 merfolk
  4 wind drakes
  2 shadow dragon simulacra (Coc:1)
  Grinder (D:4)
  3 harpy skeletons
  3 harpy zombies (Crypt:3)
  8 polar bears (Lair:5)
  3 meliai (D:15)
  A guardian serpent zombie (Crypt:2)
  A wind drake (shapeshifter) (D:14)
  121 slime creatures
  19 raiju
  An ice dragon zombie (Crypt:1)
  An ettin zombie (Hell)
  7 blink frogs
  8 snapping turtles
  10 dream sheep
  2 alligator zombies
  21 spriggans
  21 flying skulls
  3 air elementals
  Sigmund (D:3)
  3 shadows
  A deep troll skeleton (Vaults:2)
  A black mamba skeleton (Crypt:1)
  12 small abominations
  12 wraiths
  An ettin skeleton (Crypt:1)
  21 water elementals
  12 wyverns
  3 dire elephant simulacra
  16 basilisks
  6 hogs (D:15)
  7 fire elementals
  7 golden eyes
  2 steam dragons
  57 yaks
  9 ynoxinuls
  5 redbacks
  An alligator snapping turtle simulacrum (Coc:2)
  8 vampire mosquitoes (D:12)
  3 chaos spawn
  6 neqoxecs
  24 large abominations
  A deep troll zombie (Crypt:1)
  6 harpy simulacra
  43 nagas
  5 acid dragons
  3 hydra simulacra (IceCv)
  2 merfolk zombies
  2 wargs (Orc:1)
  17 water moccasins
  4 naga zombies
  2 glowing shapeshifter zombies (Hell)
  4 glowing shapeshifter skeletons (Depths:3)
  6 hell hounds
  A floating eye (Depths:4)
  23 orc warriors
  2 ice beasts
  A sky beast (shapeshifter) (Vaults:4)
  4 sky beasts
  2 black mamba simulacra
  An ettin simulacrum (Coc:1)
  25 ogres
  2 black bears
  35 wolves
  11 boggarts
  6 human skeletons (Vaults:2)
  16 centaurs
  An eye of devastation zombie (Crypt:1)
  2 phantoms
  A lemure (D:9)
  An elf zombie (Crypt:2)
  A hog skeleton (Crypt:2)
  2 kobold brigands (D:7)
  6 bullfrogs
  11 gnoll sergeants
  9 necrophages
  A salamander skeleton (Crypt:3)
  A scorpion (D:5)
  A cyclops skeleton (Crypt:1)
  4 earth elementals
  12 wights
  A warg zombie (Crypt:1)
  A shapeshifter zombie (Crypt:1)
  24 killer bees
  10 electric eels
  A howler monkey (D:4)
  3 crimson imps (Abyss:3)
  2 jellies
  2 quasits
  A human zombie (D:9)
  4 hounds
  18 orc priests
  6 gnoll boudas (Bailey)
  Crazy Yiuf (D:6)
  A bullfrog skeleton (Crypt:3)
  An iron imp (Abyss:3)
  Natasha (D:4)
  A black bear skeleton (Crypt:2)
  7 hell rats (D:15)
  2 iguanas
  20 orc wizards
  A polar bear simulacrum (IceCv)
  4 spriggan simulacra
  18 mummies
  21 gnolls
  9 adders
  A naga simulacrum (IceCv)
  3 shadow imps
  20 white imps
  2 ufetubi
  2 worms
  2 dart slugs
  65 orcs
  2 bats
  6 endoplasms
  3 giant cockroaches
  12 goblins
  13 hobgoblins
  3 jackals
  18 kobolds
  6 quokkas
  12 ball pythons
  2 frilled lizards (D:1)
  A jackal skeleton (Crypt:2)
  6 rats
  2 lurking horrors (Abyss:3)
  4 starspawn tentacles
  7 tentacles
2800 creatures vanquished.

Vanquished Creatures (others)
  An Executioner (Depths:2)
  An elemental wellspring (Coc:1)
  2 caustic shrike simulacra (Coc:2)
  A two-headed ogre (Orc:2)
  An orc high priest (Orc:1)
  3 deep elf zephyrmancers
  A storm dragon simulacrum (Hell)
  A hellion (Coc:2)
  A merfolk (Shoals:4)
  A raiju (Abyss:3)
  A snapping turtle (Shoals:3)
  A dire elephant simulacrum (Coc:2)
  An orc warrior (Orc:1)
  An ettin simulacrum (Coc:1)
  A centaur (D:12)
  A necrophage (Crypt:3)
  An electric eel (D:12)
  2 orcs (Orc:1)
  4 demonic plants
  9 fungi
  A lurking horror (Abyss:3)
  65 plants
  2 starspawn tentacles (Abyss:3)
  8 tentacles
  2 withered plants (D:5)
113 creatures vanquished.

Grand Total: 2913 creatures vanquished

Notes
Turn   | Place    | Note
-------+----------+-------------------------------------------
     0 | D:1      | sankara the Minotaur Fighter began the quest for the Orb.
     0 | D:1      | Reached XP level 1. HP: 19/19 MP: 0/0
    52 | D:1      | Reached XP level 2. HP: 27/27 MP: 1/1
   380 | D:1      | Reached XP level 3. HP: 33/33 MP: 2/2
   796 | D:2      | Reached XP level 4. HP: 40/40 MP: 3/3
   829 | D:2      | Found a faded altar of an unknown god.
   841 | D:2      | You fall into a shaft and drop 2 floors!
   859 | D:4      | Noticed Grinder
   864 | D:4      | Paralysed by Grinder for 2 turns
   872 | D:4      | Reached XP level 5. HP: 37/47 MP: 4/4
   897 | D:4      | Killed Grinder
   898 | D:4      | Reached skill level 5 in Fighting
   898 | D:4      | Reached skill level 5 in Axes
   898 | D:4      | Reached skill level 5 in Armour
   898 | D:4      | Reached XP level 6. HP: 25/56 MP: 5/5
  1108 | D:4      | Found a blossoming altar of Fedhas.
  1922 | D:3      | Noticed Sigmund
  2141 | D:3      | Killed Sigmund
  2142 | D:3      | Reached XP level 7. HP: 62/62 MP: 6/6
  2767 | D:4      | Noticed Natasha
  2787 | D:4      | Killed Natasha
  2843 | D:4      | Found Evaqargh's Antique Armour Emporium.
  3194 | D:5      | Entered Level 5 of the Dungeon
  3270 | D:5      | Reached XP level 8. HP: 71/71 MP: 7/7
  3373 | D:4      | Bought an amber-encrusted ring mail for 162 gold pieces
  3373 | D:4      | Identified the +5 ring mail of Offe {+Inv rC- Int+4 Dex+4}
                  | (You bought it in a shop on level 4 of the Dungeon)
  3537 | D:5      | Reached skill level 1 in Dodging
  3728 | D:5      | Found a runed translucent door.
  3728 | D:5      | Noticed Asparus's ghost (amateur DsCj)
  4390 | D:6      | Found a runed translucent door.
  4391 | D:6      | Noticed Crazy Yiuf
  4529 | D:6      | Killed Crazy Yiuf
  4613 | D:7      | Found a staircase to the Ecumenical Temple.
  4620 | Temple   | Entered the Ecumenical Temple
  4664 | Temple   | Became a worshipper of Warmaster Okawaru
  4709 | D:7      | Found a flagged portal.
  4712 | D:7      | Identified the +5 spear "Jiedy" {vorpal, *Rage rN+ Int+7}
  4718 | Bailey   | Entered a bailey
  4817 | Bailey   | Reached skill level 1 in Evocations
  4825 | Bailey   | Reached XP level 9. HP: 31/73 MP: 6/8
  4941 | Bailey   | Reached * piety under Okawaru
  4942 | Bailey   | Reached skill level 10 in Axes
  5404 | D:7      | Reached ** piety under Okawaru
  5733 | D:7      | Reached skill level 1 in Invocations
  5755 | D:7      | Reached XP level 10. HP: 87/90 MP: 9/9
  5876 | D:7      | Reached skill level 5 in Dodging
  5904 | D:7      | Found a glowing golden altar of the Shining One.
  6339 | D:8      | Noticed Maggie
  6351 | D:8      | Killed Maggie
  6351 | D:8      | Reached *** piety under Okawaru
  6608 | D:8      | Reached skill level 1 in Throwing
  6631 | D:8      | Reached **** piety under Okawaru
  6705 | D:8      | Noticed Joseph
  6713 | D:8      | Killed Joseph
  7415 | D:9      | Paralysed by a hornet for 3 turns
  7494 | D:9      | Found a bloodstained altar of Trog.
  7499 | D:9      | Noticed Pikel
  7515 | D:9      | Killed Pikel
  7516 | D:9      | Reached XP level 11. HP: 75/83 MP: 9/12
  7674 | D:9      | Identified the +6 bardiche of the Magi {freeze, rPois
                  | rCorr}
  7768 | D:9      | Reached ***** piety under Okawaru
  7833 | D:9      | Found a staircase to the Lair.
  8042 | D:9      | Found a basalt altar of Yredelemnul.
  8044 | D:9      | Found a glowing silver altar of Zin.
  8190 | D:9      | Found an ancient bone altar of Kikubaaqudgha.
  8408 | Lair:1   | Entered Level 1 of the Lair of Beasts
  8518 | Lair:1   | Reached skill level 10 in Fighting
  8564 | Lair:1   | Received a gift from Okawaru
  8567 | Lair:1   | Reached skill level 10 in Armour
  9397 | Lair:2   | Received a gift from Okawaru
  9483 | Lair:2   | Noticed Amaemon
  9499 | Lair:2   | Killed Amaemon
  9500 | Lair:2   | Reached skill level 5 in Invocations
  9509 | Lair:2   | Reached XP level 12. HP: 22/56 MP: 11/14
  9807 | Lair:2   | Noticed a four-headed hydra
  9812 | Lair:2   | Killed a four-headed hydra
  9988 | Lair:2   | Reached skill level 5 in Throwing
 10366 | Lair:3   | Noticed a seven-headed hydra
 10378 | Lair:3   | Killed a seven-headed hydra
 10471 | Lair:3   | Reached ****** piety under Okawaru
 10543 | Lair:3   | Found a staircase to the Shoals.
 10552 | Lair:3   | Found a staircase to the Snake Pit.
 10555 | Lair:3   | Identified the +0 cloak of Watchfulness {rF- Will+ Regen+
                  | rCorr} (Okawaru gifted it to you on level 3 of the Lair of
                  | Beasts)
 10555 | Lair:3   | Received a gift from Okawaru
 10605 | Lair:3   | Noticed a death yak
 10616 | Lair:3   | Killed a death yak
 10617 | Lair:3   | Reached skill level 15 in Axes
 10629 | Lair:3   | Noticed a death yak
 10629 | Lair:3   | Noticed a death yak
 10632 | Lair:3   | Noticed a death yak
 10635 | Lair:3   | Noticed a death yak
 10639 | Lair:3   | Killed a death yak
 10643 | Lair:3   | Killed a death yak
 10648 | Lair:3   | Killed a death yak
 10652 | Lair:3   | Killed a death yak
 10734 | Lair:3   | Identified the +1 pair of boots of Poor Excuses {rPois rC+
                  | Stlth+}
 11322 | Lair:4   | Found a frozen archway.
 11391 | IceCv    | Entered an ice cave
 11502 | IceCv    | Reached XP level 13. HP: 102/117 MP: 15/15
 11764 | IceCv    | Identified the +2 short sword of Hard Scrabble {freeze,
                  | rN+} (Okawaru gifted it to you in an ice cave)
 11764 | IceCv    | Received a gift from Okawaru
 12539 | Lair:5   | Entered Level 5 of the Lair of Beasts
 12851 | Lair:5   | Reached skill level 5 in Evocations
 12854 | Lair:5   | Received a gift from Okawaru
 12979 | Lair:5   | Found a staircase to the Slime Pits.
 13114 | Lair:5   | Reached skill level 10 in Dodging
 13372 | Lair:5   | Reached XP level 14. HP: 87/96 MP: 18/18
 13464 | Lair:5   | Received a gift from Okawaru
 14093 | D:10     | Entered Level 10 of the Dungeon
 14401 | D:10     | Found a white marble altar of Elyvilon.
 15377 | D:11     | Received a gift from Okawaru
 15391 | D:11     | Found a staircase to the Orcish Mines.
 16812 | Orc:1    | Entered Level 1 of the Orcish Mines
 16938 | Orc:2    | Entered Level 2 of the Orcish Mines
 16998 | Orc:2    | Found a staircase to the Elven Halls.
 17246 | Orc:2    | Found a runed translucent gate.
 17246 | Orc:2    | Found a runed translucent gate.
 17247 | Orc:2    | Found a runed translucent gate.
 17258 | Orc:2    | Found Gurosiunt's Distillery.
 17322 | Orc:2    | Received a gift from Okawaru
 17330 | Orc:2    | Reached XP level 15. HP: 45/138 MP: 14/19
 17385 | Orc:2    | Found Timall's Antique Armour Shop.
 17388 | Orc:2    | Found Pukk's Armour Shoppe.
 17397 | Orc:2    | Found Ylurocu's Armour Boutique.
 17460 | Orc:2    | Noticed p0werm0de's ghost (journeyman PaIE)
 17460 | Orc:2    | Noticed zurenarrh's ghost (journeyman DjIE)
 17660 | Orc:1    | Identified the +6 demon trident "Eviscerator" {vorpal,
                  | Contam rPois rC++} (Okawaru gifted it to you on level 1 of
                  | the Orcish Mines)
 17660 | Orc:1    | Received a gift from Okawaru
 17716 | Orc:1    | Found Wuotimny's Antique Armour Boutique.
 17972 | Orc:2    | Bought the -2 hat of the Alchemist {rElec rPois rF+ rC+ rN+
                  | Will+ rMut rCorr} for 1557 gold pieces
 17972 | Orc:2    | Found the -2 hat of the Alchemist {rElec rPois rF+ rC+ rN+
                  | Will+ rMut rCorr}
 18024 | Orc:1    | Bought a crude chain mail for 209 gold pieces
 18024 | Orc:1    | Identified the +4 chain mail "Eluoqu" {rF+ rN+ MP+9 Int-3}
                  | (You bought it in a shop on level 1 of the Orcish Mines)
 18221 | D:13     | Found a gate to the Vaults.
 18573 | D:13     | Identified a scroll of acquirement
 18574 | D:13     | Acquired a manual of Dodging
 18864 | D:13     | Found a shadowy altar of Dithmenos.
 18871 | D:13     | Reached skill level 15 in Fighting
 19067 | D:13     | Reached skill level 15 in Armour
 19209 | D:13     | Identified the +6 long sword of Ubbax {speed, SInv}
                  | (Okawaru gifted it to you on level 13 of the Dungeon)
 19209 | D:13     | Received a gift from Okawaru
 19831 | D:14     | Reached skill level 10 in Throwing
 20104 | D:14     | Received a gift from Okawaru
 20113 | D:14     | Got the Lectures on Fey Transmigration
 20315 | D:15     | Entered Level 15 of the Dungeon
 20368 | D:15     | Identified the +9 broad axe of Tiqiracu {holy, Will- Str+2
                  | Dex+6 SInv} (Okawaru gifted it to you on level 15 of the
                  | Dungeon)
 20368 | D:15     | Received a gift from Okawaru
 20562 | D:15     | Noticed Kirke
 20576 | D:15     | Killed Kirke
 20664 | D:15     | Found a staircase to the Depths.
 20738 | D:15     | Noticed Azrael
 20754 | D:15     | Killed Azrael
 20851 | D:15     | Received a gift from Okawaru
 21138 | D:15     | Reached XP level 16. HP: 150/150 MP: 20/20
 21513 | Snake:1  | Entered Level 1 of the Snake Pit
 21985 | Snake:1  | Found a basalt altar of Yredelemnul.
 22916 | Snake:2  | Noticed Aizul
 22935 | Snake:2  | Killed Aizul
 23026 | Snake:2  | Found Alaitwyi's Antique Armour Shop.
 23030 | Snake:2  | Found Vugh's Distillery.
 23205 | Snake:2  | Reached skill level 15 in Dodging
 23522 | Snake:2  | Received a gift from Okawaru
 23628 | Snake:2  | Found Kiczuh's Magic Scroll Emporium.
 23642 | Snake:2  | Found Yrhitu's Assorted Antiques.
 23642 | Snake:2  | Found Voim's General Store.
 24766 | Snake:3  | Found Leforif's Assorted Antiques.
 25119 | Snake:4  | Entered Level 4 of the Snake Pit
 25235 | Snake:4  | Received a gift from Okawaru
 25259 | Snake:4  | Reached XP level 17. HP: 108/161 MP: 21/21
 25600 | Snake:4  | Noticed Agnes
 25612 | Snake:4  | Killed Agnes
 25612 | Snake:4  | Identified the +3 short sword of Eternal Harmony {flame,
                  | Str+4 Int-3 Dex+4} (Okawaru gifted it to you on level 4 of
                  | the Snake Pit)
 25612 | Snake:4  | Received a gift from Okawaru
 26118 | Snake:4  | Noticed Mara
 26136 | Snake:4  | Noticed sankara's illusion
 26151 | Snake:4  | Killed Mara
 26201 | Snake:4  | Received a gift from Okawaru
 26201 | Snake:4  | Found the +3 pair of seven-league boots {Rampage+∞}
 26389 | Snake:4  | Got a serpentine rune of Zot
 26746 | Vaults:1 | Entered Level 1 of the Vaults
 26748 | Vaults:1 | Found Hulawk's General Store.
 27239 | Vaults:1 | Received a gift from Okawaru
 27595 | Vaults:1 | Found Boor's Book Shop.
 27605 | Vaults:1 | Acquired a +1 vampiric executioner's axe
 27907 | Vaults:1 | Found Naetiuqyhe's Jewellery Boutique.
 27974 | Vaults:1 | Reached XP level 18. HP: 166/173 MP: 18/23
 28728 | Snake:2  | Bought a fine plate armour for 644 gold pieces
 28728 | Snake:2  | Identified the +4 plate armour of Mybruaxo {Harm rPois rN++
                  | rCorr} (You bought it in a shop on level 2 of the Snake
                  | Pit)
 29390 | Vaults:2 | Received a gift from Okawaru
 29734 | Vaults:2 | Identified the +7 battleaxe of the Unspeakable One {vorpal,
                  | *Rage rPois rF+} (Okawaru gifted it to you on level 2 of
                  | the Vaults)
 29734 | Vaults:2 | Received a gift from Okawaru
 30057 | Vaults:2 | Found a staircase to the Crypt.
 30340 | Vaults:3 | Noticed Donald
 30348 | Vaults:3 | Killed Donald
 30584 | Vaults:3 | Identified the +5 battleaxe "Odaes" {pain, Fly rPois rN+
                  | Dex-5} (Okawaru gifted it to you on level 3 of the Vaults)
 30584 | Vaults:3 | Received a gift from Okawaru
 30699 | Vaults:3 | Reached XP level 19. HP: 102/187 MP: 18/24
 31247 | Vaults:3 | Found a radiant altar of Vehumet.
 31258 | Vaults:3 | Identified the +0 hat of Uskayaw, Forging {+Inv}
 31277 | Vaults:3 | Identified the +1 hat of Mezcal {rF++ Slay+2}
 31548 | Vaults:4 | Identified the +0 pair of boots "Dekegg" {Dex+7} (Okawaru
                  | gifted it to you on level 4 of the Vaults)
 31548 | Vaults:4 | Received a gift from Okawaru
 32968 | Shoals:1 | Entered Level 1 of the Shoals
 33193 | Shoals:1 | Received a gift from Okawaru
 33662 | Shoals:1 | Received a gift from Okawaru
 33873 | Shoals:2 | Found Erphelol's Gadget Gallery.
 34584 | Shoals:3 | Noticed Polyphemus
 34584 | Shoals:3 | Noticed Ilsuiw
 34596 | Shoals:3 | Reached XP level 20. HP: 174/202 MP: 23/25
 34612 | Shoals:3 | Killed Polyphemus
 34622 | Shoals:2 | Killed Ilsuiw
 34891 | Shoals:3 | Received a gift from Okawaru
 35473 | Shoals:4 | Entered Level 4 of the Shoals
 35575 | Shoals:4 | Found a flickering gateway to a bazaar.
 35678 | Bazaar   | Entered a bazaar
 35732 | Bazaar   | Found Uniar's Antique Weapon Boutique.
 35736 | Bazaar   | Found Tuvukhesm's Distillery.
 35736 | Bazaar   | Found Liunk's Armour Boutique.
 35737 | Bazaar   | Found Virues's Antique Weapon Boutique.
 35762 | Bazaar   | Bought a potion of invisibility for 152 gold pieces
 35762 | Bazaar   | Bought a potion of haste for 190 gold pieces
 35762 | Bazaar   | Bought a potion of might for 76 gold pieces
 35762 | Bazaar   | Bought a potion of heal wounds for 95 gold pieces
 36209 | Shoals:4 | Identified the ring "Wuwkym" {*Slow +Blink rC+ MP+9 Stlth+}
 36279 | Shoals:4 | Identified the ring of Helope {Fire rPois}
 36650 | Shoals:4 | Got a barnacled rune of Zot
 36967 | Elf:1    | Entered Level 1 of the Elven Halls
 36989 | Elf:1    | Found Yfful's Magic Scroll Shop.
 37251 | Elf:1    | Received a gift from Okawaru
 37388 | Elf:1    | Found Cien's Overcharged Wands.
 37402 | Elf:1    | Found a runed translucent gate.
 37402 | Elf:1    | Found a runed translucent gate.
 37402 | Elf:1    | Found a runed translucent gate.
 37402 | Elf:1    | Found a runed translucent gate.
 37402 | Elf:1    | Found a runed translucent gate.
 37403 | Elf:1    | Found a runed translucent gate.
 37512 | Elf:1    | Received a gift from Okawaru
 37936 | Elf:2    | Noticed Louise
 37941 | Elf:2    | Received a gift from Okawaru
 37951 | Elf:2    | Killed Louise
 38056 | Elf:2    | Identified the +0 chain mail of Awkottotu {rC+ rCorr}
                  | (Okawaru gifted it to you on level 2 of the Elven Halls)
 38056 | Elf:2    | Received a gift from Okawaru
 38076 | Elf:2    | Got the Monograph on Battle Magic
 38197 | Elf:2    | Found a shimmering blue altar of Sif Muna.
 38212 | Elf:2    | Found Boecw's Antique Armour Emporium.
 38298 | Elf:2    | Reached XP level 21. HP: 212/213 MP: 26/26
 38316 | Elf:2    | Found a runed translucent gate.
 38321 | Elf:2    | Found a runed translucent gate.
 38322 | Elf:2    | Found a runed translucent gate.
 39067 | Elf:3    | Entered Level 3 of the Elven Halls
 39413 | Elf:3    | Identified the +8 tower shield "Gaimick" {Will+} (Okawaru
                  | gifted it to you on level 3 of the Elven Halls)
 39413 | Elf:3    | Received a gift from Okawaru
 39619 | Elf:3    | Identified the +1 robe "Sotiramo" {Str+4}
 39634 | Elf:3    | Identified the +4 scale mail of Muze {-Tele Rampage rCorr
                  | Dex+4}
 39651 | Elf:3    | Identified the +3 scale mail of the Invisible Lives
                  | {Regen+}
 39696 | Elf:3    | Identified the +0 helmet "Wumm" {rC+ Will- Int+4 Dex+6}
 39859 | Elf:3    | Found the +10 zealot's sword {holy, *Rage rN+ EV+3}
 39943 | Elf:3    | Identified the +8 falchion "Lidiosm" {protect, Int+5}
 39953 | Elf:3    | Identified the amulet "Eptuut" {Reflect MP-9 Dex+4 Slay+3
                  | SH+5 Stlth+}
 39999 | Elf:3    | Identified the +7 hand crossbow of Plog {penet, Fly Will+
                  | Stlth+}
 40310 | Lair:1   | Gained mutation: You have a pair of large horns on your
                  | head. [potion of mutation]
 40310 | Lair:1   | Gained mutation: You possess an exceptional clarity of
                  | mind. [potion of mutation]
 40311 | Lair:1   | Lost mutation: You possess an exceptional clarity of mind.
                  | [potion of mutation]
 40311 | Lair:1   | Lost mutation: You have a pair of large horns on your head.
                  | [potion of mutation]
 40311 | Lair:1   | Gained mutation: You are weak. (Str -2) [potion of
                  | mutation]
 40312 | Lair:1   | Lost mutation: You are weak. (Str -2) [potion of mutation]
 40312 | Lair:1   | Gained mutation: You sometimes lose your temper in combat.
                  | [potion of mutation]
 40312 | Lair:1   | Gained mutation: You are somewhat resistant to further
                  | mutation. [potion of mutation]
 40312 | Lair:1   | Gained mutation: You expend magic power (3 MP) to
                  | strengthen your wands. [potion of mutation]
 40323 | Lair:1   | Lost mutation: You expend magic power (3 MP) to strengthen
                  | your wands. [potion of mutation]
 40323 | Lair:1   | Lost mutation: You are somewhat resistant to further
                  | mutation. [potion of mutation]
 40323 | Lair:1   | Lost mutation: You sometimes lose your temper in combat.
                  | [potion of mutation]
 40323 | Lair:1   | Gained mutation: Your muscles are strong. (Str +4, Int/Dex
                  | -1) [potion of mutation]
 40323 | Lair:1   | Gained mutation: Your body sometimes deteriorates upon
                  | taking damage. [potion of mutation]
 40323 | Lair:1   | Gained mutation: Your movements are slightly less
                  | encumbered by armour. (ER -2) [potion of mutation]
 40422 | Snake:2  | Bought a potion of mutation for 256 gold pieces
 40422 | Snake:2  | Lost mutation: Your movements are slightly less encumbered
                  | by armour. (ER -2) [potion of mutation]
 40422 | Snake:2  | Lost mutation: Your body sometimes deteriorates upon taking
                  | damage. [potion of mutation]
 40422 | Snake:2  | Gained mutation: You are frail. (-10% HP) [potion of
                  | mutation]
 40422 | Snake:2  | Gained mutation: You sometimes lose your temper in combat.
                  | [potion of mutation]
 40701 | Crypt:1  | Entered Level 1 of the Crypt
 40748 | Crypt:1  | Reached skill level 5 in Shields
 41058 | Crypt:1  | Found the +4 moon troll leather armour {Spirit, Regen++
                  | MP+5}
 41085 | Crypt:1  | Reached skill level 15 in Throwing
 41547 | Crypt:1  | Reached XP level 22. HP: 194/203 MP: 27/27
 41548 | Crypt:1  | Identified the +1 plate armour of Least Resistance {rPois
                  | Will+ rCorr Int-3} (Okawaru gifted it to you on level 1 of
                  | the Crypt)
 41548 | Crypt:1  | Received a gift from Okawaru
 41763 | Crypt:2  | Reached skill level 10 in Shields
 42548 | Crypt:3  | Entered Level 3 of the Crypt
 42639 | Crypt:3  | Found a magical portal.
 42648 | WizLab   | Entered Wucad Mu's Monastery
 42830 | WizLab   | Found the +9 staff of Wucad Mu {*channel}
 43198 | Crypt:3  | Noticed a dread lich
 43207 | Crypt:3  | Killed a dread lich
 43328 | Crypt:3  | Found a staircase to the Tomb.
 43494 | Crypt:3  | Noticed a dread lich
 43513 | Crypt:3  | Killed a dread lich
 43599 | Crypt:3  | Received a gift from Okawaru
 43607 | Crypt:3  | Paralysed by a vampire knight for 5 turns
 43760 | Arena    | Entered the Arena
 43798 | Crypt:3  | Found an ancient bone altar of Kikubaaqudgha.
 43811 | Crypt:3  | Identified the +2 hat of Visk {rC+ Str+2} (Okawaru gifted
                  | it to you on level 3 of the Crypt)
 43811 | Crypt:3  | Received a gift from Okawaru
 43812 | Crypt:3  | Reached skill level 15 in Shields
 43943 | Crypt:3  | Got the Essays on Blasphemous Liturgies
 44077 | Crypt:3  | Identified the amulet "Wunneb" {Spirit Slay+5}
 44840 | Elf:2    | Bought a pair of glimmering boots for 285 gold pieces
 44840 | Elf:2    | Identified the +2 pair of boots of Oca Ocio {rElec Str-2
                  | Int+4} (You bought it in a shop on level 2 of the Elven
                  | Halls)
 44983 | Lair:1   | Reached XP level 23. HP: 210/210 MP: 28/28
 45113 | Depths:1 | Entered Level 1 of the Depths
 45142 | Depths:1 | Reached XP level 24. HP: 194/217 MP: 28/28
 45244 | Depths:1 | Found a gateway to Hell.
 45304 | Depths:1 | Got the Encyclopedia of Ensnaring Permutations
 45420 | Depths:1 | Identified the +6 quarterstaff of Qanuop {vorpal, rPois rF+
                  | Stlth+}
 45833 | Depths:2 | Received a gift from Okawaru
 45932 | Depths:2 | Noticed the Enchantress
 45965 | Depths:2 | Killed the Enchantress
 46041 | Depths:2 | Received a gift from Okawaru
 46168 | Depths:2 | Received a gift from Okawaru
 46355 | Depths:2 | Found a one-way gate leading to the halls of Pandemonium.
 46597 | Depths:2 | Received a gift from Okawaru
 46622 | Depths:2 | Identified the ring "Teesiypt" {rF+ rC+}
 46659 | Depths:2 | Noticed Bai Suzhen
 46672 | Depths:2 | Killed Bai Suzhen
 46731 | Depths:2 | Received a gift from Okawaru
 46858 | Depths:2 | Found a burning altar of Makhleb.
 47452 | Depths:3 | Found a one-way gate to the infinite horrors of the Abyss.
 47508 | Depths:3 | Received a gift from Okawaru
 47591 | Depths:3 | Identified the amulet "Qoqockie" {Spirit Int+7}
 47683 | Depths:3 | Received a gift from Okawaru
 47961 | Depths:3 | Reached XP level 25. HP: 224/224 MP: 28/28
 48161 | Depths:4 | Entered Level 4 of the Depths
 48326 | Depths:4 | Noticed Frederick
 48339 | Depths:4 | Killed Frederick
 48361 | Depths:4 | Found a one-way gateway to a ziggurat.
 48720 | Depths:4 | Found a gate to the Realm of Zot.
 48867 | Depths:4 | Reached skill level 27 in Armour
 49014 | Depths:4 | Identified the +8 quarterstaff of Gozag's Outrage {vorpal,
                  | Str+4 Stlth+}
 49212 | Depths:4 | Received a gift from Okawaru
 49419 | Depths:4 | Found a basalt altar of Yredelemnul.
 50111 | Vaults:1 | Bought a book of the Hunter for 468 gold pieces
 50115 | Vaults:1 | Learned a level 3 spell: Portal Projectile
 50301 | Vaults:5 | Entered Level 5 of the Vaults
 50317 | Vaults:5 | Identified the +7 morningstar of the Two Names {flame,
                  | rElec MP+9 Int+6 Dex-5} (Okawaru gifted it to you on level
                  | 5 of the Vaults)
 50317 | Vaults:5 | Received a gift from Okawaru
 50449 | Vaults:5 | Received a gift from Okawaru
 50454 | Vaults:5 | Identified the +8 scimitar of Duty {drain, rC+ Str+4 Int+5}
 50490 | Vaults:5 | Noticed a dread lich
 50494 | Vaults:5 | Killed a dread lich
 50495 | Vaults:5 | Reached skill level 10 in Invocations
 50643 | Vaults:5 | Identified the ring of the Villain {rElec rF+ rC+++ Will+
                  | Str-3}
 50653 | Vaults:5 | Identified the ring of the Past {Wiz Dex+4}
 50904 | Vaults:5 | Got a silver rune of Zot
 50979 | Vaults:5 | Identified the +3 dire flail of Integrity {flame, Str+5}
 51019 | Vaults:5 | Identified the +1 leather armour "Orphegg" {rPois Regen+
                  | Str-2 Dex+2}
 51143 | Vaults:5 | Identified the +1 chain mail "Loifra" {rF+ Stlth+}
 51165 | Vaults:5 | Reached XP level 26. HP: 192/234 MP: 29/29
 51169 | Vaults:5 | Received a gift from Okawaru
 51507 | Vaults:5 | Received a gift from Okawaru
 51532 | Vaults:5 | Identified the +6 broad axe of the Changing Butterfly
                  | {vorpal, Will+ Stlth+} (Okawaru gifted it to you on level 5
                  | of the Vaults)
 51532 | Vaults:5 | Received a gift from Okawaru
 51724 | Vaults:5 | Identified the ring of Zin's Indignation {Ice rPois rCorr
                  | Str-2 Dex+3}
 51839 | Vaults:5 | Identified the +8 great sword of Destiny {holy, Str+5}
 51995 | Vaults:5 | Lost mutation: You sometimes lose your temper in combat.
                  | [potion of mutation]
 51995 | Vaults:5 | Lost mutation: You are frail. (-10% HP) [potion of
                  | mutation]
 51995 | Vaults:5 | Lost mutation: Your muscles are strong. (Str +4, Int/Dex
                  | -1) [potion of mutation]
 51995 | Vaults:5 | Gained mutation: You are strong-willed. (Will+) [potion of
                  | mutation]
 52299 | Slime:1  | Entered Level 1 of the Pits of Slime
 52675 | Slime:2  | Gained mutation: You do not regenerate when monsters are
                  | visible. [a shining eye]
 53568 | Slime:4  | Identified the +6 long sword "Koikir" {flame, rF- rN+ rCorr
                  | Int+7} (Okawaru gifted it to you on level 4 of the Pits of
                  | Slime)
 53568 | Slime:4  | Received a gift from Okawaru
 53799 | Slime:4  | Gained mutation: You have hidden genetic defects. [a
                  | shining eye]
 54097 | Slime:5  | Entered Level 5 of the Pits of Slime
 54146 | Slime:5  | Noticed the Royal Jelly
 54243 | Slime:5  | Killed the Royal Jelly
 54373 | Slime:5  | Gained mutation: Your spells are a little easier to cast,
                  | but a little less powerful. [a shining eye]
 54469 | Slime:5  | Got a slimy rune of Zot
 54504 | Slime:5  | Received a gift from Okawaru
 54512 | Slime:5  | Gained mutation: Potions are less effective at restoring
                  | your health. [hidden defects]
 54515 | Slime:5  | Identified the +0 chain mail of Xesemiyb {rC- Will+ Dex+4}
 54538 | Slime:5  | Identified the +1 chain mail of Impermeability {rF+}
 54572 | Slime:5  | Identified the +1 chain mail of Kiqioff {rF+ rN++ Will+
                  | Str-3 Int+3}
 54575 | Slime:5  | Identified the +6 scale mail "Wot Gaal" {*Corrode rC+
                  | Str+2}
 54586 | Slime:5  | Identified the +0 short sword "Giantslayer" {vorpal, rF++}
 54588 | Slime:5  | Identified the +1 leather armour "Pihaklun" {rC+ Will+
                  | Int-3}
 54870 | Slime:5  | Acquired a manual of Invocations
 54872 | Slime:5  | Acquired 1180 gold pieces
 55227 | Lair:1   | Lost mutation: Potions are less effective at restoring your
                  | health. [potion of mutation]
 55227 | Lair:1   | Lost mutation: You have hidden genetic defects. [potion of
                  | mutation]
 55227 | Lair:1   | Gained mutation: Your mind is acute. (Int +4, Str/Dex -1)
                  | [potion of mutation]
 55837 | Depths:3 | Voluntarily entered the Abyss.
 55951 | Abyss:2  | Received a gift from Okawaru
 55980 | Abyss:2  | Reached skill level 27 in Dodging
 56107 | Abyss:3  | Found a corrupted altar of Lugonu.
 56139 | Abyss:3  | Reached skill level 1 in Translocations
 56166 | Abyss:3  | Reached skill level 1 in Hexes
 56168 | Abyss:3  | Paralysed by accursed screaming for 2 turns
 56174 | Abyss:3  | Paralysed by accursed screaming for 1 turns
 56239 | Abyss:3  | Got an abyssal rune of Zot
 56370 | Abyss:3  | Noticed a dread lich
 56379 | Abyss:3  | Killed a dread lich
 56389 | Depths:3 | Escaped the Abyss
 56435 | Depths:3 | Voluntarily entered the Abyss.
 56560 | Abyss:3  | Reached XP level 27. HP: 260/270 MP: 30/30
 56600 | Abyss:3  | Paralysed by you for 5 turns
 56669 | Abyss:3  | Found a corrupted altar of Lugonu.
 56832 | Abyss:3  | Received a gift from Okawaru
 57158 | Depths:3 | Escaped the Abyss
 57351 | Hell     | Entered the Vestibule of Hell
 57351 | Hell     | Noticed Geryon
 57421 | Hell     | Killed Geryon
 57422 | Hell     | Reached skill level 5 in Translocations
 57440 | Hell     | Reached skill level 27 in Fighting
 57444 | Hell     | HP: 11/273 [reaper/+4 scythe of protection (32)]
 57448 | Hell     | HP: 4/273 [hell knight/+5 glaive (15)]
 57452 | Arena    | Entered the Arena
 57454 | Arena    | Reached skill level 5 in Hexes
 57475 | Arena    | Entered the Arena
 57903 | Hell     | Found a gateway to the freezing wastes of Cocytus.
 58010 | Hell     | Found a gateway to the ashen valley of Gehenna.
 58064 | Hell     | Found a gateway to the decaying netherworld of Tartarus.
 58249 | Hell     | Found a gateway to the Iron City of Dis.
 58391 | Depths:3 | Voluntarily entered the Abyss.
 58790 | Depths:3 | Escaped the Abyss
 59256 | Elf:1    | Bought a scroll of enchant armour for 75 gold pieces
 59256 | Elf:1    | Bought a scroll of silence for 95 gold pieces
 59256 | Elf:1    | Bought a scroll of poison for 40 gold pieces
 59256 | Elf:1    | Bought a scroll of fog for 40 gold pieces
 59256 | Elf:1    | Bought a scroll of teleportation for 30 gold pieces
 59464 | Snake:2  | Bought a scroll of fog for 52 gold pieces
 59464 | Snake:2  | Bought a scroll of blinking for 97 gold pieces
 59464 | Snake:2  | Bought a scroll of teleportation for 39 gold pieces
 59464 | Snake:2  | Bought a scroll of magic mapping for 97 gold pieces
 59464 | Snake:2  | Bought a scroll of poison for 52 gold pieces
 59464 | Snake:2  | Bought a scroll of blinking for 97 gold pieces
 59674 | Orc:2    | Bought a potion of flight for 45 gold pieces
 59674 | Orc:2    | Bought a potion of might for 60 gold pieces
 59674 | Orc:2    | Bought a potion of heal wounds for 75 gold pieces
 59674 | Orc:2    | Bought a potion of curing for 45 gold pieces
 59674 | Orc:2    | Bought a potion of heal wounds for 75 gold pieces
 59910 | Snake:2  | Bought a potion of curing for 51 gold pieces
 59910 | Snake:2  | Bought a potion of might for 68 gold pieces
 59910 | Snake:2  | Bought a potion of heal wounds for 85 gold pieces
 59910 | Snake:2  | Bought a potion of invisibility for 136 gold pieces
 59910 | Snake:2  | Bought a potion of haste for 170 gold pieces
 59959 | Snake:2  | Bought a scroll of magic mapping for 127 gold pieces
 59959 | Snake:2  | Bought a scroll of fog for 68 gold pieces
 59959 | Snake:2  | Bought a potion of curing for 51 gold pieces
 60026 | Snake:3  | Bought a curved bronze wand for 116 gold pieces
 60026 | Snake:3  | Bought a bloodstained scale mail for 261 gold pieces
 60026 | Snake:3  | Identified the +3 scale mail of Nemelex Xobeh's Hope {rF+}
                  | (You bought it in a shop on level 3 of the Snake Pit)
 60026 | Snake:3  | Bought a scroll of fear for 116 gold pieces
 60257 | Orc:2    | Bought a pair of glowing boots for 247 gold pieces
 60448 | Coc:1    | Entered Level 1 of Cocytus
 60727 | Coc:3    | Killed from afar by an elemental wellspring

Illustrated notes

Levels and vault maps discovered:
D:1:      dpeg_arrival_pond, layout_rooms, chequers_serial_rivers_room_b,
          serial_bayou_ford_a
D:2:      kennysheep_big_flooded_room, layout_rooms,
          nicolae_ecumenical_snake_handling
D:3:      layout_basic, uniq_sigmund
D:4:      layout_loops_ring, fedhas_altar_4, serial_shops, shop,
          grunt_tough_drop, uniq_grinder, uniq_natasha
D:5:      layout_layer_cave, gammafunk_ghost_grave, serial_bayou_crossing
D:6:      layout_rooms, uniq_crazy_yiuf_cottage
D:7:      layout_loops_ring, general_overflow_altar,
          minmay_temple_entry_statues_fountains, enter_bailey_2,
          minmay_small_thing
D:8:      kennysheep_six_static_rooms, layout_basic,
          amcnicky_mini_corridor_feature, uniq_maggie, uniq_joseph
D:9:      layout_loops_cross, lemuel_mausoleum_altar_kikubaaqudgha,
          gammafunk_temple_overflow_forgotten, david_lair_generic, uniq_pikel
D:10:     layout_loops_ring, nicolae_elyvilon_temple_path, dk_noncrumbling_4,
          minmay_misc_feat_pillars
D:11:     layout_long_grid, erik_orc_3
D:12:     cheibrodos_helix_gallery, layout_basic
D:13:     minmay_cornered_nines, layout_basic, erik_vaults_2,
          chequers_serial_rivers_micro_b, grunt_dithmenos_shadows
D:14:     layout_irregular_city, hangedman_abyss_or_decor_stabs,
          kennysheep_just_a_vault
D:15:     hangedman_depths_entry_civil_slaughter, layout_basic,
          hangedman_decor_slide_cut, special_room [special_room_mythical_zoo],
          minivault_7, uniq_kirke, uniq_azrael
Temple:   regret_index_temple_generic_petals
Lair:1:   layout_loops_ring
Lair:2:   layout_cave_pods, uniq_amaemon
Lair:3:   layout_chaotic_city, shoals_dummy_entry,
          minmay_snake_entry_guardpost_small, nicolae_lair_lil_pond,
          beast_lair_carwin_9, grunt_megastairs_5
Lair:4:   layout_regular_city, portal_ice_cave_entry_imps, guppyfry_lair_drakes
Lair:5:   minmay_lair_end_enchanted_forest, layout_cave_pods,
          minmay_slime_entry_oklob_enclosed, st_stairs_3, minmay_lair_drake_nest
Shoals:1: argonaut_golden_fleece, layout_shoals
Shoals:2: layout_shoals, nicolae_shop_gadgets
Shoals:3: layout_shoals, nicolae_shoals_arrival_archipelago, uniq_polyphemus,
          uniq_ilsuiw
Shoals:4: shoals_end_simple, layout_shoals, serial_shops, bzr_in_the_mist
Snake:1:  layout_chambers, grunt_ministairs_6, lemuel_oklob_altar
Snake:2:  layout_honeycomb, nicolae_snake_gridmaze_spiral,
          nicolae_snake_serpentine_bazaar, minmay_shop_star, uniq_aizul
Snake:3:  layout_onion_interference, serial_shops, shop, grunt_megastairs_3,
          lemuel_fruit_tree
Snake:4:  johnstein_snake_rune_scales, layout_cave_town, uniq_agnes, uniq_mara
Slime:1:  layout_caves, cheibrodos_slime_lost_civilization_5
Slime:2:  layout_caves
Slime:3:  layout_caves
Slime:4:  layout_caves, nicolae_slime_round_cave
Slime:5
Orc:1:    layout_caves, serial_shops, shop
Orc:2:    st_orc_open, layout_caves, gammafunk_ghost_cemetery
Elf:1:    layout_loops_cross, serial_shops, shop, orc_legates, st_stairs_3,
          nicolae_shop_overcharged_wands
Elf:2:    nicolae_elf_blades_crystal_corner, layout_gridlike, basic_altar,
          serial_shops, nicolae_stop_n_shop_2, minmay_elf_annihilation,
          uniq_louise
Elf:3:    grunt_elf_hall_branching, layout_geoelf_grid, minivault_5
Vaults:1: ontoclasm_vaults_claustrophobia, v_rooms_1, v_rooms_6,
          hangedman_vaults_slice, nicolae_vaults_network_s,
          nicolae_vaults_yaktaur_gun_rack, ontoclasm_vaults_ring_large,
          nicolae_vaults_specimen_jars, vaults_dpeg_cross,
          nicolae_vaults_little_squares_6, v_misc_27, nicolae_vaults_theta,
          st_lattice, layout_vaults_omnicross, serial_shops,
          nicolae_shop_crystal, nicolae_shop_hallway_stairs, shop
Vaults:2: vaults_dpeg_ring, v_misc_24, minmay_crypt_entry_skeletal_spiral,
          ontoclasm_vaults_ligature, vaults_room_door_hall, vaults_room_pool,
          v_misc_11, vaults_room_door_hall, layout_vaults_big_room
Vaults:3: grunt_tower_of_power, nicolae_vaults_shelves_hall, v_misc_24,
          nicolae_vaults_shelves_hall, vaults_mumra_chevron_long,
          vaults_dpeg_emergency_exit, nicolae_vaults_circle_grid_b, v_misc_22,
          hangedman_vaults_impose, nicolae_vaults_hallways_thing,
          grunt_vaults_bifocal, vaults_dpeg_encased_lava, grunt_vaults_funnel,
          layout_vaults_ring, uniq_donald
Vaults:4: hangedman_vaults_nodes, vaults_mumra_minichess, v_misc_22,
          ontoclasm_vaults_gateway, v_misc_1, v_misc_19,
          ontoclasm_vaults_loading_screen, layout_vaults_quadrants
Vaults:5: serial_shops, uniq_margery
Crypt:1:  layout_chaotic_city
Crypt:2:  layout_regular_city, lemuel_dead_fish_pool
Crypt:3:  church_of_pain_bobbens, layout_chaotic_city,
          nicolae_tomb_entry_unfolded_pyramid_orthogonal,
          infiniplex_enter_wizlab_spiral
Depths:1: layout_long_grid, hell_entry, minivault_14, minivault_15,
          hellmonk_scarab_ruin
Depths:2: evilmike_makhleb_hellhole, layout_basic, hell_entry,
          grunt_pan_entry_in_and_out, uniq_bai_suzhen, uniq_enchantress
Depths:3: minmay_skeleton_keep, layout_gridlike, rand_demon_pan_entry_4,
          abyss_entry, nicolae_twisting_strands, hell_entry
Depths:4: grunt_zot_entry_hairpin, layout_basic, enter_ziggurat_b,
          hangedman_abyss_or_decor_slice, lightli_too_deep, hangedman_blasphemy,
          serial_bayou_shore_a, uniq_frederick
Hell
Coc:1:    layout_cocytus_water_paths
Coc:2:    layout_ice_bergs
Coc:3:    layout_cocytus_water_paths

Skill      XL: |  1  2  3  4  5  6  7  8  9 10 11 12 13 14 15 16 17 18 19 20 21 22 23 24 25 26 27 |
---------------+----------------------------------------------------------------------------------+-----
Axes           | 3 4 5 6 8 9 11 12 13 15 16 17 18 | 18.0
Fighting       | 4 5 6 7 8 9 10 11 13 14 15 17 18 20 22 23 25 26 27 | 27.0
Armour         | 4 5 6 7 8 9 10 11 12 14 15 17 18 20 22 24 26 27 | 27.0
Shields        | 4 9 16 17 21 22 23 24 | 24.3
Dodging        | 3 4 6 7 8 10 12 14 16 19 20 21 22 27 | 27.0
Evocations     | 1 3 4 5 7 9 |  9.0
Invocations    | 1 3 5 6 7 9 10 11 | 11.0
Throwing       | 2 4 5 7 9 10 13 15 16 | 16.0
Translocations | 2 5 |  5.8
Hexes          | 2 5 |  5.7

Action                   |  1- 3 |  4- 6 |  7- 9 | 10-12 | 13-15 | 16-18 | 19-21 | 22-24 | 25-27 || total
-------------------------+-------+-------+-------+-------+-------+-------+-------+-------+-------++-------
Melee: War axe           |    76 |    66 |   317 |   631 |  1179 |       |       |       |       ||  2269
       Headbutt          |     6 |     9 |    58 |   161 |   311 |   388 |   418 |   392 |   719 ||  2462
       Broad axe         |       |       |       |       |   108 |  1276 |  1706 |  1221 |  1977 ||  6288
Throw: Boomerang         |       |       |       |    19 |    36 |    23 |     7 |       |     5 ||    90
       Javelin           |       |       |       |       |       |     5 |       |       |       ||     5
Invok: Heroism           |       |       |     2 |    10 |     7 |    15 |    11 |     6 |     6 ||    57
       Finesse           |       |       |       |       |     3 |     7 |     5 |     2 |     8 ||    25
       Duel              |       |       |       |       |       |       |       |     1 |     2 ||     3
 Abil: Evoke Invisibilit |       |       |     4 |     3 |     7 |       |       |       |       ||    14
Evoke: Wand              |       |       |       |       |     2 |     8 |       |       |     3 ||    13
       Condenser vane    |       |       |       |       |       |     1 |     1 |       |     2 ||     4
  Use: Potion            |       |     1 |       |     1 |       |     2 |     6 |     2 |    12 ||    24
       Scroll            |       |     2 |     6 |    17 |     7 |     4 |     1 |     2 |    16 ||    55
 Stab: Invisible         |       |       |    14 |    10 |    41 |       |       |       |       ||    65
       Sleeping          |       |       |       |       |     5 |       |       |       |       ||     5
       Distracted        |       |       |       |       |     3 |       |       |       |       ||     3
       Petrified         |       |       |       |       |       |       |     8 |       |       ||     8
       Petrifying        |       |       |       |       |       |       |     4 |       |       ||     4
       Confused          |       |       |       |       |       |       |       |       |    28 ||    28
       Paralysed         |       |       |       |       |       |       |       |       |     1 ||     1
Armor: Scale mail        |    43 |    34 |    37 |       |       |       |       |       |       ||   114
       Ring mail         |       |       |    95 |   201 |   217 |       |       |       |       ||   513
       Plate armour      |       |       |       |    32 |    14 |   444 |   483 |   329 |   122 ||  1424
       Chain mail        |       |       |       |       |   166 |    36 |       |       |       ||   202
       Gold dragon scale |       |       |       |       |       |       |       |       |   297 ||   297
Dodge: Dodged            |    31 |    28 |   193 |   328 |   749 |   798 |   897 |   443 |   666 ||  4133
       Repelled          |       |       |     1 |       |       |       |       |       |       ||     1
Block: Buckler           |    19 |    17 |    73 |   147 |   287 |   319 |   394 |       |       ||  1256
       Tower shield      |       |       |       |       |       |       |   200 |  1453 |  2073 ||  3726
